 Dungeon Crawl Stone Soup version 0.20-a0-760-g49f5558 (webtiles) character file.

73 polly the Slasher (level 4, -6/34 HPs)
             Began as a Demonspawn Gladiator on Feb 25, 2017.
             Mangled by a kobold
             ... wielding a +0 short sword
              (7 damage)
             ... on level 3 of the Dungeon.
             The game lasted 00:01:45 (2151 turns).

polly the Slasher (Demonspawn Gladiator)            Turns: 2151, Time: 00:01:45

Health: -6/34      AC:  4    Str: 15    XL:     4   Next: 8%
Magic:  4/4        EV: 18    Int: 10    God:
Gold:   105        SH:  0    Dex: 19    Spells: 3/3 levels left

rFire    . . .     SeeInvis .     - Unarmed
rCold    . . .     Gourm    .   b - +0 leather armour
rNeg     . . .     Faith    .   (no shield)
rPois    .         Spirit   .   c - +0 helmet
rElec    .         Reflect  .   (no cloak)
rCorr    .         Harm     .   (no gloves)
MR       .....                  (no boots)
Stlth    +++.......             (no amulet)
Regen    0.2/turn               (no ring)
MPRegen  0.1/turn               (no ring)

@: agile, lethally poisoned (-6 -> -14)
A: claws 1, rot immunity
a: no special abilities


You were on level 3 of the Dungeon.
You were very hungry.

You visited 1 branch of the dungeon, and saw 3 of its levels.

You collected 105 gold pieces.

Inventory:

Missiles
 d - 2 throwing nets (quivered)
Armour
 b - a +0 leather armour (worn)
 c - a +0 helmet (worn)
Scrolls
 e - a scroll of magic mapping {unknown}
 g - 4 scrolls of identify {unknown}
 i - a scroll of recharging {unknown}
 j - a scroll of teleportation {unknown}
 k - a scroll of enchant armour {unknown}
 m - a scroll of amnesia {unknown}
Comestibles
 f - 4 bread rations
 h - 2 royal jellies


   Skills:
 + Level 2.6 Fighting
   Level 3.1 Long Blades
 + Level 1.7 Throwing
 + Level 0.8 Armour
 + Level 3.1 Dodging
 + Level 0.2 Stealth
 * Level 1.5 Unarmed Combat


You had 3 spell levels left.
You didn't know any spells.

Dungeon Overview and Level Annotations

Branches:
Dungeon (3/15)

Altars:
Nemelex Xobeh


Innate Abilities, Weirdness & Mutations

You have sharp fingernails.
You are immune to rotting.


Message History

* * * LOW HITPOINT WARNING * * *
You feel sick. The kobold completely misses you.
You barely miss the kobold.
The kobold is severely wounded.
* * * LOW HITPOINT WARNING * * *
You feel sick.
The kobold hits you with an uncursed short sword.
* * * LOW HITPOINT WARNING * * *
You scratch the kobold but do no damage.
The kobold is severely wounded.
* * * LOW HITPOINT WARNING * * *
You feel sick. The kobold misses you.
You miss the kobold.
The kobold is severely wounded.
* * * LOW HITPOINT WARNING * * *
You feel sick. The kobold barely misses you.
You barely miss the kobold.
The kobold is severely wounded.
The kobold hits you with an uncursed short sword!
You die...

#########
.......K# #@# #.#
#(# #.# ### #(#
#.#
.....#.######.#
#......(...##.#
#.##.#.###.##.#
#.#(##...#.######
# #.#......)...>#
..#....#.####.#


You could see a kobold.

Vanquished Creatures
  2 adders (D:2)
  An ooze (D:2)
  2 dart slugs
  A leopard gecko (D:1)
  5 orcs (D:3)
  2 ball pythons
  2 goblins
  6 hobgoblins
  5 kobolds
  7 bats
  A frilled lizard (D:2)
  11 rats
45 creatures vanquished.

Notes
Turn   | Place    | Note
-------+----------+-------------------------------------------
     0 | D:1      | polly the Demonspawn Gladiator began the quest for the Orb.
     0 | D:1      | Reached XP level 1. HP: 16/16 MP: 1/1
   193 | D:1      | Gained mutation: You are immune to rotting. [demonic ancestry]
   193 | D:1      | Reached XP level 2. HP: 16/22 MP: 2/2
   635 | D:2      | Found a sparkling altar of Nemelex Xobeh.
   664 | D:2      | Gained mutation: You have sharp fingernails. [demonic ancestry]
   664 | D:2      | Reached XP level 3. HP: 9/28 MP: 3/3
  1363 | D:2      | Reached skill level 1 in Unarmed Combat
  1890 | D:3      | Reached XP level 4. HP: 21/34 MP: 4/4
  2150 | D:3      | HP: 1/34 [poisoned by a kobold]
  2151 | D:3      | Mangled by a kobold

Vault maps used:
D:1:      doesnt_arrival_goblin_jail
D:2:      old_standard_altar, first_bread

Skill      XL: |  1  2  3 |
---------------+----------+-----
Dodging        | 3 |  3.1
Long Blades    | 3 |  3.1
Unarmed Combat | 1 |  1.5
Fighting       | |  2.6
Throwing       | |  1.7
Armour         | |  0.8
Stealth        | |  0.2

Action                   |  1- 3 |  4- 6 || total
-------------------------+-------+-------++-------
Melee: Long sword        |    49 |       ||    49
       Unarmed           |    90 |    20 ||   110
       Punch             |     2 |       ||     2
Throw: Throwing net      |       |     1 ||     1
  Use: Potion            |       |     2 ||     2
 Stab: Sleeping          |     2 |       ||     2
  Eat: Chunk             |     2 |     1 ||     3
Armor: Leather armour    |    41 |     5 ||    46
Dodge: Dodged            |   119 |    12 ||   131
       Rpst.: Long sword |    16 |       ||    16
